 Dungeon Crawl Stone Soup version 0.18.1-48-g4cf74bf (webtiles) character file.

18 Eukament the Digger (level 2, -1/15 HPs)
             Began as a Gargoyle Earth Elementalist on Aug 8, 2016.
             Slain by a gnoll
             ... wielding a +0 spear
              (8 damage)
             ... on level 1 of the Dungeon.
             The game lasted 00:03:44 (273 turns).

Eukament the Digger (Gargoyle Earth Elementalist)    Turns: 273, Time: 00:03:48

Health: -1/15      AC:  4    Str: 11    XL:     2   Next: 66%
Magic:  5/5        EV: 12    Int: 15    God:
Gold:   37         SH:  0    Dex: 10    Spells: 1 memorised, 4 levels left

rFire  . . .     SeeInvis .     e - +0 short sword
rCold  . . .     Gourm    .     a - +0 robe
rNeg   + . .     Faith    .     (no shield)
rPois  ∞         Spirit   .     (no helmet)
rElec  +         Dismiss  .     (no cloak)
rCorr  .         Reflect  .     (no gloves)
SustAt .         Harm     .     (no boots)
MR     .....                    (no amulet)
Stlth  ++........               (no ring)
                                (no ring)

@: not resistant to hostile enchantments, unstealthy
A: negative energy resistance 1, electricity resistance, unbreathing,
petrification resistance, rot immunity, AC +2
a: no special abilities


You were on level 1 of the Dungeon.
You were not hungry.

You visited 1 branch of the dungeon, and saw 1 of its levels.

You collected 37 gold pieces.

Inventory:

Hand Weapons
 e - a +0 short sword (weapon)
Missiles
 b - 20 stones (quivered)
Armour
 a - a +0 robe (worn)
Books
 c - a book of Geomancy

   Spells                             Type                      Level
   a - Sandblast                      Earth                        1
   b - Passwall                       Transmutation/Earth          2
   c - Stone Arrow                    Conjuration/Earth            3
   d - Petrify                        Transmutation/Earth          4
   e - Lee's Rapid Deconstruction     Earth                        5
Comestibles
 d - a bread ration


   Skills:
 - Level 1.5 Dodging
 - Level 2.1 Stealth
 * Level 2.3 Spellcasting
   Level 0.7 Transmutations
 + Level 4.3 Earth Magic


You had 4 spell levels left.
You knew the following spells:

 Your Spells              Type           Power        Failure   Level  Hunger
a - Sandblast             Erth           ##....       4%          1    #......


Dungeon Overview and Level Annotations

Branches:
Dungeon (1/15)

Altars:


Innate Abilities, Weirdness & Mutations

You are resistant to torment.
Your stone body is resilient (AC +2).
You are immune to poison.
You resist negative energy.
You are resistant to electric shocks.
You can survive without breathing.
You are immune to petrification.
You are immune to rotting.


Message History

The hobgoblin completely misses you.
The ooze quivers.
You hit the hobgoblin.
The hobgoblin is almost dead.
The hobgoblin hits you with a club.
You closely miss the hobgoblin.
The hobgoblin is almost dead.
The gnoll barely misses you. The hobgoblin closely misses you.
You barely miss the hobgoblin.
The hobgoblin is almost dead.
The gnoll misses you.
The hobgoblin hits you but does no damage.
The ooze jiggles.
You barely miss the hobgoblin.
The hobgoblin is almost dead.
The gnoll hits you from afar with a spear.
The hobgoblin hits you with a club.
The gnoll hits you from afar with a spear!
Ouch! That really hurt!
You die...

..............#..#####
..###...............##...>..
#.#....#.......#############
......#........♣♣♣♣♣♣♣♣♣♣♣♣
###....................<....
................♣♣♣♣♣♣♣♣♣♣♣♣
.........#...†.###### ####
....=....##.........#####...
.##...$...g@........#......#
.........gJ.......###......#
##.......##........†.......#
#........#...###..†#......#
#..........#.# ##..#......#
...##.###....... #.........#
##.... ......###.#.....#.#.#
# ##. ........ ...##.#...#
.. ...... ..#........#


You could see a gnoll, an ooze and a hobgoblin.

Vanquished Creatures
  An ooze (D:1)
  2 goblins (D:1)
  4 jackals (D:1)
  A giant newt (D:1)
  2 kobolds (D:1)
  3 rats (D:1)
13 creatures vanquished.

Notes
Turn   | Place    | Note
--------------------------------------------------------------
     0 | D:1      | Eukament the Gargoyle Earth Elementalist began the quest for the Orb.
     0 | D:1      | Reached XP level 1. HP: 10/10 MP: 3/3
    21 | D:1      | Reached skill level 4 in Earth Magic
   104 | D:1      | Reached XP level 2. HP: 15/15 MP: 0/5
   273 | D:1      | Slain by a gnoll

Skill      XL: |  1 |
---------------+----+-----
Earth Magic    | 4 |  4.3
Dodging        | |  1.5
Stealth        | |  2.1
Spellcasting   | |  2.3
Transmutations | |  0.7

Action                   || total
-------------------------++-------
Melee: Unarmed           ||     5
       Short sword       ||    28
 Cast: Sandblast         ||    10
Armor: Robe              ||    11
Dodge: Dodged            ||    34
